[Event "1000GM Schev-G1 March 2024"]
[Site "Santa Clara"]
[Date "2024.03.11"]
[Round "5.2"]
[White "Cu Hor, Winston Darwin"]
[Black "Arutla, Aditya"]
[Result "1-0"]
[ECO "A09"]
[WhiteElo "2343"]
[BlackElo "2239"]
[Annotator "TA"]
[PlyCount "59"]
[EventDate "2024.03.06"]
[EventType "schev"]
[EventCountry "USA"]
[SourceTitle "playchess.com"]
[Source "ChessBase"]
[SourceQuality "1"]
[TimeControl "5400+30"]

1. Nf3 d5 2. c4 d4 3. e3 Nc6 4. exd4 Nxd4 5. Nxd4 Qxd4 6. Nc3 c6 7. d3 Nh6 8. h3 g6 (8... Nf5 $15) 9. Be3 $11 Qd8 {[%emt 0:01:52] Weiß hat minimalen Vorteil.} 10. g4 {[%emt 0:00:03] Wehrt Nf5 ab} Bg7 11. Qd2 Ng8 12. d4 h5 13. Rg1 $36 {[%emt 0:02:59][%mdl 2048] Schwarz steht unter Druck.} hxg4 14. hxg4 Qa5 15. O-O-O Bd7 16. Kb1 O-O-O 17. Be2 Be6 (17... f5 $16) 18. Qc2 {[%emt 0:03:00] Und d5 würde nun gewinnen.} Kb8 $2 {[%emt 0:07:39] [#]} (18... Nf6 $16 19. d5 Bd7) 19. d5 $1 $18 Bd7 (19... cxd5 $6 20. Nxd5 Bxd5 21. cxd5 $16 (21. Rxd5 Rxd5 22. cxd5 Nf6 $16)) 20. Bf4+ Ka8 {[%emt 0:00:51] [#]} 21. Bf3 (21. dxc6 $1 $18 {ist der präzise Gewinnweg.} Bxc6 22. Nb5) 21... Nf6 22. Qe2 cxd5 (22... c5 $16 {leistet mehr Widerstand.} 23. Be5 (23. Qxe7 Ng8 $18) 23... Rh3) 23. Nxd5 ({Schwächer ist} 23. cxd5 Rh3 $16) ({Nicht} 23. Qxe7 Ng8 24. Qe3 (24. Qxf7 Bxc3 25. Rd3 Be8 $11) 24... Nf6 $18) (23. Bxd5 Nxg4 24. Nb5 (24. Rxg4 Bf5+ 25. Ka1 Bxg4 $15) 24... e5 $16) 23... Nxd5 24. Rxd5 Qb6 {[%emt 0:00:00] [#]} 25. c5 $1 (25. Qxe7 $2 Qxb2#) 25... Qb4 (25... Bb5 $142) 26. Rgd1 Qxf4 27. Rxd7 Rxd7 28. Rxd7 {[%emt 0:00:25][%cal Oe2e7] jetzt Qxe7! und aus.} Bxb2 29. Bxb7+ Kb8 30. Qxb2 {[%emt 0:00:21] Gewichteter Fehlerwert: Weiß=0.18 (sehr präzise) /Schwarz=0.76.  Verlustzug:     	---       	Schwarz=2     Fehler:       	Weiß=1     	Schwarz=3     Ungenau:       	Weiß=1     	Schwarz=2     OK:         	Weiß=5     	Schwarz=4     Bester:       	Weiß=2     	Schwarz=2     Stark:        	Weiß=1     	---        Brilliant:      	Weiß=1     	---} 1-0

[Event "1000GM Schev-G1 March 2024"]
[Site "Santa Clara"]
[Date "2024.03.11"]
[Round "5.3"]
[White "Heimann, Mark"]
[Black "Atwell, Rose"]
[Result "1-0"]
[ECO "D12"]
[WhiteElo "2435"]
[BlackElo "2285"]
[Annotator "TA"]
[PlyCount "137"]
[EventDate "2024.03.06"]
[EventType "schev"]
[EventCountry "USA"]
[SourceTitle "playchess.com"]
[Source "ChessBase"]
[SourceQuality "1"]
[TimeControl "5400+30"]

1. Nf3 d5 2. c4 c6 3. e3 Nf6 4. d4 Bf5 5. Nc3 e6 6. Nh4 Bg6 7. Nxg6 hxg6 8. Qb3 Qb6 9. Bd2 Nbd7 10. Be2 Qc7 11. g3 {[%emt 0:03:43] Die Stellung ist ausgeglichen.} a5 12. Rc1 Bb4 (12... Qb8 $14) 13. cxd5 $16 Bxc3 14. bxc3 (14. Rxc3 $6 exd5 15. Rc2 a4 $11) (14. Qxc3 $6 Ne4 15. Qb3 a4 $14) (14. Bxc3 $6 exd5 15. Kf1 O-O $11) 14... exd5 15. c4 dxc4 16. Bxc4 O-O 17. Qb1 {[%emt 0:02:13] Verhindert Ne4. Weiß steht aktiver.} Qd6 18. O-O (18. Qxg6 $2 b5 19. Bxf7+ (19. Bb3 $2 a4 $19) 19... Rxf7 $19) (18. Qxb7 $2 Rfb8 19. Bxf7+ Kxf7 20. Qxc6 Qxc6 21. Rxc6 Rb2 $19) 18... b5 19. Be2 Nb6 20. e4 Qe6 ({Ein No Go ist} 20... Qxd4 21. Be3 (21. Rxc6 $2 {verliert.} Qxd2 22. Bxb5 Nbd7 $19) 21... Qd8 22. Rfd1 $16 (22. Rxc6 Nc4 $16)) 21. f3 Rfd8 22. Be3 b4 23. Qb3 {[%emt 0:06:37] Es drohte Na4} Qe8 (23... Nfd5 $16 {war nötig.}) 24. Rc5 $18 Rd6 25. Rfc1 Nfd5 (25... Nbd5 {war einen Versuch wert.}) 26. Bf2 ({Bloß nicht} 26. exd5 $6 Nxd5 27. Kf2 Re6) 26... Ne7 27. a3 Nd7 28. R5c2 Rb8 29. axb4 Rxb4 30. Qa3 Qa8 31. Ra2 Qb8 32. Qxa5 Rb1 $2 (32... Nf8 33. Rc4 Rb7) 33. Rxb1 Qxb1+ 34. Kg2 Nf8 35. Qa3 {[%emt 0:02:09][%cal Oa2b2] [#] Rb2! wäre nun fies.} Rd7 36. Rb2 Qc1 37. Be3 Qe1 38. Qa8 {[%emt 0:02:02] Schwarz muss nun Bf2 beachten.} g5 39. Bxg5 {[%emt 0:04:19][%cal Oa8f8] [#] Weiss will mit Qxf8+! Matt setzen.} Neg6 40. Qxc6 Rxd4 41. Be3 Rd8 42. Qc1 Qxc1 43. Bxc1 Rc8 44. Be3 Ne6 45. f4 {[%emt 0:00:19] Wehrt Ne5 ab. Droht f5 und aus.} Nd8 46. Bg4 Ra8 47. Rb6 Nf8 48. Bc5 Nde6 49. Bd6 Kh7 50. h4 Rd8 51. e5 Nd4 (51... Kg8 {war angesagt.} 52. h5 Nd4) 52. Kf2 {[%emt 0:02:11] Droht stark Ke3.} Re8 (52... Nd7 $142 53. Ra6 Nf8 54. Bxf8 Rxf8) 53. Ke3 Nde6 54. f5 Nd8 55. Bxf8 Rxf8 {[%emt 0:00:05][%mdl 4096] Endspiel. KRB-KRN} 56. Rb8 Re8 57. Kd2 Rf8 58. Bf3 f6 59. exf6 gxf6 60. g4 Kh6 61. Kc3 {[%emt 0:01:44] Und Ra8 würde nun gewinnen.} Re8 62. Bd5 {[%emt 0:00:44] Beabsichtigt Ra8 und Matt.} Rf8 63. Kc4 Re8 64. Ra8 {[%emt 0:00:30] Ra6 ist eine echte Drohung.} Nf7 65. Rxe8 {[%emt 0:00:10] Weiß setzt Matt.} Nd6+ 66. Kc5 Nxe8 67. Bc6 Ng7 68. Kd6 Kh7 69. Ke7 {[%emt 0:00:04] Gewichteter Fehlerwert: Weiß=0.13 (sehr präzise) /Schwarz=0.24 (präzise) .  Fehler:       	---       	Schwarz=6     Ungenau:       	---       	Schwarz=3     OK:         	Weiß=28    	Schwarz=18    Bester:       	Weiß=1     	Schwarz=2} 1-0

[Event "1000GM Schev-G1 March 2024"]
[Site "Santa Clara"]
[Date "2024.03.11"]
[Round "5.4"]
[White "Guo, Ethan"]
[Black "Stearman, Josiah"]
[Result "1/2-1/2"]
[ECO "B90"]
[WhiteElo "2227"]
[BlackElo "2464"]
[Annotator "TA"]
[PlyCount "46"]
[EventDate "2024.03.06"]
[EventType "schev"]
[EventCountry "USA"]
[SourceTitle "playchess.com"]
[Source "ChessBase"]
[SourceQuality "1"]
[TimeControl "5400+30"]

1. e4 c5 2. Nf3 d6 3. d4 cxd4 4. Nxd4 Nf6 5. Nc3 a6 6. h3 e5 7. Nde2 h5 8. Bg5 Be7 9. Ng3 g6 {[%emt 0:01:09] Die Stellung ist ausgeglichen.} 10. Bc4 O-O 11. O-O b5 12. Bd5 Nxd5 13. Qxd5 Ra7 14. Bxe7 (14. Bh6 {hält die Spannung aufrecht.} Re8 15. Qd3 Be6 16. Nxh5 Kh7 17. Be3) 14... Qxe7 15. Rfd1 Rd8 16. Qd2 $36 {[%emt 0:03:07][%mdl 2048] [#] Und jetzt Nd5 wäre schön. Weiss steht aktiver.} Be6 17. Nf1 f5 (17... Nc6 $11) 18. exf5 $16 Bxf5 19. Nd5 (19. a4 $18 b4 20. Nd5) 19... Qf8 (19... Qf7 $16 20. Ng3 Be6) 20. c3 Nc6 21. Qg5 {[%emt 0:02:25] Zielt auf g4 ab.} Rf7 22. Ng3 {[%emt 0:03:12] Weiß steht aktiver. Ein dynamisches Springerpaar.} Kh7 23. Nxf5 (23. Qe3 $18) 23... Rxf5 {[%emt 0:01:12] Gewichteter Fehlerwert: Weiß=0.15 (sehr präzise) /Schwarz=0.24 (präzise) .  Fehler:       	Weiß=2     	Schwarz=2     Ungenau:       	Weiß=1     	---        OK:         	Weiß=4     	Schwarz=3     Bester:       	---       	Schwarz=1} 1/2-1/2

[Event "1000GM Schev-G1 March 2024"]
[Site "Santa Clara"]
[Date "2024.03.11"]
[Round "5.5"]
[White "Yan, Nathan"]
[Black "Griffith, Kyron"]
[Result "0-1"]
[ECO "B43"]
[WhiteElo "2185"]
[BlackElo "2352"]
[Annotator "TA"]
[PlyCount "112"]
[EventDate "2024.03.06"]
[EventType "schev"]
[EventCountry "USA"]
[SourceTitle "playchess.com"]
[Source "ChessBase"]
[SourceQuality "1"]
[TimeControl "5400+30"]

1. e4 c5 2. Nf3 e6 3. d4 cxd4 4. Nxd4 a6 5. Nc3 b5 6. Bd3 Bb7 7. O-O Nc6 8. Nxc6 Bxc6 9. Re1 Ne7 10. Bf1 Ng6 11. Be3 {[%emt 0:00:37] White is slightly better.} f6 12. a4 Bb4 $1 13. axb5 Bxc3 14. bxc3 axb5 15. Bc5 Kf7 16. c4 bxc4 17. Bxc4 Rxa1 18. Qxa1 Qc7 19. Qd4 Qe5 20. Qxe5 Nxe5 21. Bb3 g5 22. Bd6 Ng6 23. f3 h5 24. Ra1 h4 25. Ra7 Ne7 26. Bxe7 Kxe7 $11 {[%emt 0:00:05][%mdl 4096] Endgame. KRB-KRB} 27. Ba4 Rc8 28. Bb3 {[%emt 0:03:08] [#]} g4 $1 29. Kf2 {[%emt 0:13:05] [#]} (29. fxg4 Bxe4) 29... gxf3 (29... h3 $1 $17 {White must now prevent ...hxg2.} 30. fxg4 hxg2 (30... Bxe4 31. gxh3 Bxc2 32. Bxc2 $17) 31. Kxg2 Bxe4+ 32. Kf2 Bxc2) 30. gxf3 Rg8 31. Ra1 Kd6 32. Rg1 (32. Bc4 $11) 32... Rxg1 $17 33. Kxg1 {[%emt 0:00:01] KB-KB} Ke5 {[%emt 0:00:11] And now ...Kd4 would win.} 34. Kf2 Kd4 35. Ke2 Kc3 {[%emt 0:01:39] Hoping for ...d5.} 36. Ke3 e5 37. Ke2 d6 38. Ke3 Bb5 39. Kf2 Kd2 40. Kg2 $2 {[%emt 0:07:10][%mdl 8192] This costs White the game.} (40. Be6 $17) 40... Ke3 $19 {[%emt 0:09:26] Threatens to win with ...Be2.} 41. Be6 Be2 42. Bg4 {[%emt 0:00:21] [#]} d5 $1 43. exd5 {[%emt 0:07:50] [#]} (43. Kh3 d4) 43... e4 $1 {[%emt 0:00:04] Black mates.} 44. Kh3 exf3 (44... Bxf3 $2 {is the wrong capture.} 45. d6 (45. Kxh4 Kf4 $11) 45... f5 46. Bxf5 $18 (46. d7 fxg4+ 47. Kxh4 Kd4 $18)) 45. Kxh4 f2 46. Bh3 f1=Q 47. Bxf1 Bxf1 {[%emt 0:00:05] KB-K3P} 48. Kg4 Ke4 49. h4 Be2+ ({Worse is} 49... Kxd5 50. Kf5 $11) 50. Kg3 Kxd5 {[%emt 0:00:28] KB-KPP} 51. Kf4 Ke6 52. Ke4 Bh5 53. Kf4 Be8 54. c4 Bd7 55. h5 Bc8 56. Ke4 f5+ {[%emt 0:26:00] Weighted Error Value: White=0.50/Black=0.03 (flawless) .  Loses game:     	White=1     	---        Mistake:       	White=1     	Black=1      Inaccurate:     	White=4     	Black=1      OK:         	White=11    	Black=15     Best:        	White=3     	Black=3      Strong:       	---       	Black=1} 0-1